[Event "Titled Tuesday Blitz March 07 Late 2023"]
[White "Iskusnyh, Sergei"]
[Black "Pinheiro, Iung Alicio de O."]
[WhiteFideId "4120027"]
[BlackFideId "2104350"]
[WhiteElo "2492"]
[BlackElo "2283"]
[Result "1-0"]
[Round "05"]
[TimeControl "180+2"]
[Date "2023.03.07"]
[WhiteClock "0:00:59"]
[BlackClock "0:00:03"]

1. d4 d5 2. c4 e6 3. Nf3 h6 4. g3 Nf6 5. Bg2 Bd6 6. O-O O-O 7. Qc2 b6 8. cxd5 exd5 9. Nc3 a6 10. Bf4 Bxf4 11. gxf4 Bb7 12. Rad1 Nc6 13. Ne5 Ne7 14. Kh1 Ne8 15. Rg1 Nd6 16. Bh3 Bc8 17. Qd3 Bf5 18. Bxf5 Nexf5 19. Nxd5 f6 20. Ng6 Re8 21. Nc3 Ne7 22. e4 Nxg6 23. Rxg6 Qe7 24. Nd5 1-0


[Site "https://www.chess.com"]

[Event "Titled Tuesday Blitz March 07 Late 2023"]
[White "Carbone, Diego"]
[Black "Cardoso Cardoso, Jose Gabriel"]
[WhiteFideId "3002179"]
[BlackFideId "4430492"]
[WhiteElo "2266"]
[BlackElo "2496"]
[Result "0-1"]
[Round "05"]
[TimeControl "180+2"]
[Date "2023.03.07"]
[WhiteClock "0:00:01"]
[BlackClock "0:00:08"]

1. d4 Nf6 2. c4 c5 3. d5 b5 4. cxb5 a6 5. bxa6 g6 6. Nc3 Bg7 7. e4 O-O 8. e5 Ne8 9. h4 Bxe5 10. Bh6 Bg7 11. Qd2 Qb6 12. h5 Bxh6 13. Qxh6 Qxb2 14. Rc1 Nf6 15. hxg6 fxg6 16. Nf3 Rxa6 17. Bd3 Rf7 18. Ne5 Rg7 19. Nxg6 hxg6 20. Bxg6 Qxf2+ 21. Kd1 Qd4+ 22. Ke1 Nh5 23. Qxh5 Raxg6 24. Qh8+ Kf7 25. Rf1+ Rf6 26. Rxf6+ exf6 27. Qxc8 Rxg2 28. Ne2 Qf2+ 29. Kd1 Qxe2# 0-1


[Site "https://www.chess.com"]

[Event "Titled Tuesday Blitz March 07 Late 2023"]
[White "Larino Nieto, David"]
[Black "Karas, Marek"]
[WhiteFideId "2256444"]
[BlackFideId "14928558"]
[WhiteElo "2506"]
[BlackElo "2233"]
[Result "1/2-1/2"]
[Round "05"]
[TimeControl "180+2"]
[Date "2023.03.07"]
[WhiteClock "0:00:51"]
[BlackClock "0:00:09"]

1. e4 e6 2. d4 d5 3. Nd2 a6 4. c3 c5 5. Ngf3 Nc6 6. exd5 exd5 7. Bd3 cxd4 8. Nxd4 Nxd4 9. cxd4 Nf6 10. O-O Be7 11. Re1 O-O 12. Nf3 Bg4 13. h3 Bh5 14. Be2 Bb4 15. Bd2 Bxd2 16. Nxd2 Bxe2 17. Qxe2 Re8 18. Qd3 Qb6 19. b3 h6 20. Re5 Re6 21. Rae1 Rae8 22. R1e3 Qd6 23. f4 Nd7 24. Rxe6 Rxe6 25. f5 Rxe3 26. Qxe3 Nf6 27. a4 Qb4 28. Qd3 b5 29. axb5 axb5 30. Kh2 Qd6+ 31. g3 Qb4 32. Kg2 Qa5 33. g4 Qb4 34. Kf3 Qa5 35. h4 h5 36. g5 Ng4 37. f6 Qa1 38. Ke2 Qg1 39. fxg7 Qg2+ 40. Ke1 Qg1+ 41. Nf1 Qf2+ 42. Kd1 Qxf1+ 43. Qxf1 Ne3+ 44. Ke2 Nxf1 45. Kxf1 Kxg7 46. Kf2 Kg6 47. Kf3 f6 48. gxf6 Kxf6 49. Kf4 b4 50. Ke3 Kf5 51. Kf3 Ke6 52. Kg3 Kf5 53. Kf3 Ke6 1/2-1/2


[Site "https://www.chess.com"]

[Event "Titled Tuesday Blitz March 07 Late 2023"]
[White "Oro, Faustino"]
[Black "Dudzinski, Pawel"]
[WhiteFideId "20000197"]
[BlackFideId "1117890"]
[WhiteElo "1984"]
[BlackElo "2099"]
[Result "1-0"]
[Round "05"]
[TimeControl "180+2"]
[Date "2023.03.07"]
[WhiteClock "0:00:03"]
[BlackClock "0:00:01"]

1. e4 c6 2. d4 d5 3. e5 c5 4. dxc5 e6 5. Nf3 Bxc5 6. Bd3 Ne7 7. O-O Ng6 8. Nbd2 Nd7 9. Nb3 Be7 10. Re1 Qc7 11. Bxg6 hxg6 12. Bf4 Nc5 13. Nbd4 Bd7 14. Nd2 Rc8 15. Bg3 a6 16. Qf3 b5 17. c3 Na4 18. Rab1 Qb6 19. N2b3 Nc5 20. Nxc5 Bxc5 21. Nb3 a5 22. Nxc5 Rxc5 23. Bf4 Bc6 24. Qd3 Rc4 25. Be3 Qc7 26. Bd4 Ra4 27. a3 b4 28. cxb4 axb4 29. Bc5 bxa3 30. bxa3 Ra8 31. Bd6 Qd7 32. Rec1 Rc8 33. Qc3 f5 34. Rb6 Bb7 35. Bc7 Ba8 36. Rd6 Qe7 37. h3 O-O 38. Qc5 Rf7 39. Rd8+ Rxd8 40. Qxe7 Rxe7 41. Bxd8 Re8 42. Bb6 Rb8 43. Ba7 Rd8 44. a4 d4 45. Bb6 Rd5 46. Rc7 1-0


[Site "https://www.chess.com"]

[Event "Titled Tuesday Blitz March 07 Late 2023"]
[White "Leiva, Gianmarco"]
[Black "Seletsky, Grigory"]
[WhiteFideId "3804399"]
[BlackFideId "14112191"]
[WhiteElo "2345"]
[BlackElo "2490"]
[Result "1/2-1/2"]
[Round "05"]
[TimeControl "180+2"]
[Date "2023.03.07"]
[WhiteClock "0:00:02"]
[BlackClock "0:00:09"]

1. e4 c5 2. Nf3 d6 3. Bb5+ Nc6 4. O-O Bd7 5. Re1 a6 6. Bf1 e5 7. c3 Nf6 8. d4 Be7 9. h3 O-O 10. Na3 b5 11. Nc2 Re8 12. a4 c4 13. axb5 axb5 14. Rxa8 Qxa8 15. Bg5 Rd8 16. Qd2 h6 17. Bxf6 Bxf6 18. Ra1 Qb7 19. d5 Ne7 20. Nb4 Ra8 21. Qd1 Ra7 22. g3 Qa8 23. Rxa7 Qxa7 24. Kh2 g6 25. Qd2 Bg7 26. h4 h5 27. Bh3 Bxh3 28. Kxh3 Qd7+ 29. Kg2 Kh7 30. Ng5+ Kg8 31. Nf3 Kh7 32. Ng5+ Kg8 33. Nh3 Kh7 34. Qe3 Qb7 35. Ng5+ Kg8 36. Qf3 f5 37. Ne6 Qc8 38. exf5 Nxf5 39. Nc6 Qd7 40. Ng5 Nh6 41. Ne6 Nf5 42. Qd1 e4 43. Qe2 e3 44. fxe3 Bh6 45. e4 Ne3+ 46. Kh2 Qf7 47. Ncd4 Ng4+ 48. Kh1 Be3 49. Nf3 Bb6 50. Kg2 Ne3+ 51. Kh1 Ng4 52. Nf4 Qe8 53. Ne6 Qf7 1/2-1/2


[Site "https://www.chess.com"]

[Event "Titled Tuesday Blitz March 07 Late 2023"]
[White "Melikhov, Evgeny V."]
[Black "Ozates, Tuna"]
[WhiteFideId "4122046"]
[BlackFideId "6354521"]
[WhiteElo "2158"]
[BlackElo "2151"]
[Result "1-0"]
[Round "05"]
[TimeControl "180+2"]
[Date "2023.03.07"]
[WhiteClock "0:00:11"]
[BlackClock "0:00:03"]

1. d4 Nf6 2. c4 e6 3. Nc3 d5 4. cxd5 exd5 5. Bg5 c6 6. Qc2 Be7 7. e3 O-O 8. Bd3 Nbd7 9. Nf3 Re8 10. O-O Nf8 11. h3 Ng6 12. Ne5 Ne4 13. Bxe7 Qxe7 14. Nxe4 dxe4 15. Bxe4 Nxe5 16. dxe5 h6 17. f4 f6 18. Bh7+ Kh8 19. Bg6 Rf8 20. exf6 Rxf6 21. Rae1 Be6 22. Bd3 Rd8 23. a3 a5 24. e4 a4 25. e5 Rff8 26. Qe2 Bd5 27. f5 Rde8 28. Qh5 Qc5+ 29. Kh2 Qd4 30. Bb1 Rxe5 31. Rxe5 Qxe5+ 32. Kg1 Qxb2 33. Qg4 Qf6 34. Qxa4 b5 35. Qf4 Ra8 36. Be4 Ra4 37. Qb8+ Kh7 38. Bxd5 Qd4+ 39. Kh1 Qxd5 40. f6 Rh4 41. Kg1 Qc5+ 42. Kh1 Qd5 43. Qg3 Rd4 44. Qxg7# 1-0


[Site "https://www.chess.com"]

[Event "Titled Tuesday Blitz March 07 Late 2023"]
[White "Bach, Matthias"]
[Black "Marra, Eduardo da Costa"]
[WhiteFideId "4603168"]
[BlackFideId "2106990"]
[WhiteElo "2165"]
[BlackElo "2252"]
[Result "1/2-1/2"]
[Round "05"]
[TimeControl "180+2"]
[Date "2023.03.07"]
[WhiteClock "0:00:28"]
[BlackClock "0:00:34"]

1. d4 d6 2. c3 Nf6 3. Nd2 g6 4. e4 Nbd7 5. Bd3 e5 6. f4 Bg7 7. Ngf3 O-O 8. O-O Qe7 9. fxe5 dxe5 10. d5 Nc5 11. Qe2 Nh5 12. Nc4 Bg4 13. Be3 b6 14. b4 Nxd3 15. Qxd3 f5 16. d6 cxd6 17. Qxd6 Qxd6 18. Nxd6 Rad8 19. Nc4 fxe4 20. Ng5 Rxf1+ 21. Kxf1 Rf8+ 22. Ke1 Nf4 23. Bxf4 exf4 24. Rc1 f3 25. gxf3 exf3 26. Kf2 Re8 27. Rc2 Re2+ 28. Rxe2 fxe2 29. Ne4 Bf5 30. Ncd6 Bg4 31. c4 Kf8 32. c5 bxc5 33. bxc5 Ke7 34. c6 Bd4+ 35. Ke1 Bb6 36. Nc4 Bc7 37. Nf2 Bf3 38. Nd2 Bxc6 39. Kxe2 Bxh2 40. Ng4 Bf4 41. Nb3 h5 42. Nf2 g5 43. Nd4 Bd6 44. Nxc6+ Kd7 45. Nd4 Bc5 46. Nf3 g4 47. Ne5+ Ke6 48. Nexg4 hxg4 49. Nxg4 Kd5 50. Kd3 Bd6 51. Ne3+ Kc5 52. Kc2 Kb4 53. Kb1 Bc5 54. Nc2+ Kc4 55. Kb2 a5 56. Na1 a4 57. Nc2 Bd6 58. Na3+ Bxa3+ 59. Kxa3 Kb5 60. Kb2 Ka5 61. a3 Kb5 62. Kc3 Kc5 63. Kd3 Kd5 64. Kc3 Kc5 65. Kd3 Kd5 66. Kc3 Kc5 1/2-1/2


[Site "https://www.chess.com"]

[Event "Titled Tuesday Blitz March 07 Late 2023"]
[White "Mahdavi, Reza"]
[Black "Poeta, Caio Medeiros"]
[WhiteFideId "12595926"]
[BlackFideId "2142660"]
[WhiteElo "2208"]
[BlackElo "2191"]
[Result "1-0"]
[Round "05"]
[TimeControl "180+2"]
[Date "2023.03.07"]
[WhiteClock "0:01:54"]
[BlackClock "0:00:19"]

1. Nf3 d5 2. g3 Nf6 3. Bg2 e6 4. d4 Be7 5. O-O O-O 6. c4 c6 7. b3 Nbd7 8. Qc2 b6 9. Rd1 Bb7 10. Nc3 Rc8 11. e4 c5 12. exd5 exd5 13. dxc5 Nxc5 14. Bg5 h6 15. Bf4 Nce4 16. Nxe4 Nxe4 17. Nd4 Bf6 18. Rac1 Re8 19. Nb5 a6 20. Bxe4 axb5 21. Bxd5 Bxd5 22. Rxd5 Qxd5 23. cxd5 Rxc2 24. Rxc2 Re1+ 25. Kg2 Rd1 26. Bd2 Kf8 27. Kf3 Ke7 28. Ke2 Rh1 29. h4 Kd6 30. Rc6+ Kxd5 31. Rxb6 Kc5 32. Be3+ Kb4 33. a4 Kxb3 34. axb5 Kc4 35. Rb7 Rb1 36. Rxf7 Rxb5 37. Bxh6 Re5+ 38. Kf1 gxh6 39. Rxf6 h5 40. Rg6 Kd3 41. Rg5 Re8 42. Rxh5 Ra8 43. Rf5 Ra1+ 44. Kg2 Ke4 45. Rf4+ Ke5 46. h5 Ra6 47. Kh3 Ra1 48. Kg4 Ra8 49. Kg5 Rg8+ 50. Kh4 Ra8 51. h6 Ra1 52. Kg5 Rh1 53. Rh4 Ra1 54. h7 Ra8 55. h8=Q+ 1-0


[Site "https://www.chess.com"]

[Event "Titled Tuesday Blitz March 07 Late 2023"]
[White "Harsh Suresh"]
[Black "Womacka, Mathias"]
[WhiteFideId "45018464"]
[BlackFideId "4611390"]
[WhiteElo "2227"]
[BlackElo "2377"]
[Result "1-0"]
[Round "05"]
[TimeControl "180+2"]
[Date "2023.03.07"]
[WhiteClock "0:00:05"]
[BlackClock "0:00:02"]

1. e4 c5 2. Nc3 Nc6 3. Bb5 Nd4 4. Bc4 e6 5. Nf3 Nf6 6. O-O a6 7. e5 d5 8. exf6 dxc4 9. fxg7 Bxg7 10. d3 cxd3 11. cxd3 Bd7 12. Be3 Bc6 13. Ne4 Qd5 14. Rc1 b6 15. Re1 O-O 16. Bxd4 cxd4 17. b3 Rac8 18. Qe2 Bb7 19. Ned2 Bh6 20. Rxc8 Rxc8 21. Nc4 Qc5 22. Nfd2 b5 23. Ne5 Qe7 24. Ne4 f5 25. Ng3 Qf6 26. Nf3 Bd5 27. Nh5 Qg6 28. Ng3 Kh8 29. Nh4 Qf6 30. Nf3 Bg7 31. h3 Rc3 32. Nh5 Qf7 33. Nxg7 Kxg7 34. Nxd4 Qf6 35. Nxe6+ Bxe6 36. Qxe6 Qxe6 37. Rxe6 Rxd3 38. Rxa6 Rd2 39. g3 h5 40. Kg2 h4 41. gxh4 f4 42. Kf3 Rc2 43. Ra5 Kg6 44. Rxb5 Rxa2 45. b4 Ra3+ 46. Kxf4 Rxh3 47. Kg4 Rb3 48. Rb6+ Kg7 49. f4 Rb2 50. b5 Rg2+ 51. Kf5 Rh2 52. Rb7+ Kh6 53. b6 Rxh4 54. Rb8 Rh5+ 55. Kf6 Rb5 56. Rh8# 1-0


[Site "https://www.chess.com"]

[Event "Titled Tuesday Blitz March 07 Late 2023"]
[White "Kleiman, Jake"]
[Black "Clarke, Brandon G I"]
[WhiteFideId "2020041"]
[BlackFideId "400319"]
[WhiteElo "2484"]
[BlackElo "2414"]
[Result "1/2-1/2"]
[Round "05"]
[TimeControl "180+2"]
[Date "2023.03.07"]
[WhiteClock "0:00:12"]
[BlackClock "0:00:09"]

1. e4 c5 2. c3 d6 3. d4 Nf6 4. Bd3 cxd4 5. cxd4 e5 6. dxe5 dxe5 7. Nf3 Nc6 8. Nc3 Bb4 9. O-O O-O 10. Bg5 Bxc3 11. bxc3 h6 12. Bh4 Bg4 13. h3 Bh5 14. Qe2 Qe7 15. g4 Bg6 16. g5 hxg5 17. Bxg5 Bh5 18. Qe3 Qe6 19. Nh4 Nh7 20. Nf5 f6 21. Bh4 g6 22. Ng3 Qxh3 23. Nxh5 Qxh4 24. Ng3 Ng5 25. Rfd1 Nh3+ 26. Kf1 Nf4 27. Bc4+ Kh8 28. Qf3 Rad8 29. Kg1 Kg7 30. Rxd8 Rxd8 31. Rd1 Rxd1+ 32. Qxd1 Qh3 33. Bf1 Qe6 34. a4 a6 35. Qb1 Qd7 36. Qb6 Kh6 37. Ne2 Nxe2+ 38. Bxe2 Kg7 39. Bf1 Ne7 40. f3 g5 41. Bc4 Qc6 42. Qb4 Ng6 43. Bd5 Qc7 44. Qxb7 Qxb7 45. Bxb7 a5 46. Kf2 Kf7 47. Ke3 Ke6 48. Ba6 Kd6 49. Bf1 Nf4 50. Bc4 Kc5 51. Bb3 Ng2+ 52. Kf2 Nh4 53. Ke3 Ng6 54. Bf7 Ne7 55. Bb3 Nc8 56. Ba2 Nb6 57. Kd3 Nxa4 58. Bb3 Nb6 59. Bc2 a4 60. Bb1 a3 61. Ba2 Na4 62. Bb3 Nb2+ 63. Kc2 Nc4 64. Kd3 Nd6 65. Ba2 Nb5 66. Bb3 Na7 67. Ba2 Nc6 68. Bb3 Ne7 69. Ba2 Ng6 70. Bb3 Kb5 71. Ke3 Nf4 72. Kd2 Ng2 73. Ke2 Nh4 74. Ke3 Ng6 75. Ke2 Nf4+ 76. Ke3 Kc5 77. Ba2 Kd6 78. Kd2 Ne6 79. Kd3 Nc5+ 80. Kc4 Na4 81. Kb4 Nb2 82. Kxa3 Nd3 83. Bc4 Ne1 84. Be2 Kc5 85. Kb3 Ng2 86. Kc2 Nf4 87. Bf1 Ng6 88. Kd2 Nh4 89. Be2 Ng2 90. Bf1 Nf4 91. Ke3 Ne6 92. Be2 Kb6 93. Kd3 Nf4+ 94. Ke3 Ka5 95. Bd1 Kb5 96. Bb3 Ng2+ 97. Kf2 Nh4 98. Ke3 Kc5 99. Be6 Ng6 100. Bb3 Ne7 101. Be6 Nc6 102. Kd3 Na5 103. Bd5 f5 104. Ke3 g4 105. fxg4 fxg4 106. Kf2 Nc4 107. Kg3 Ne3 108. Ba8 Kc4 109. Kf2 Kd3 110. Bb7 Nd1+ 111. Kg3 Ne3 112. Kf2 Kd2 113. Bd5 Kd3 114. c4 Kd4 115. Kg3 Nxc4 116. Kxg4 Ne3+ 117. Kf3 Nxd5 118. exd5 Kxd5 119. Ke3 e4 120. Ke2 Ke5 121. Ke3 Kf5 122. Ke2 Kf4 123. Kf2 e3+ 124. Ke2 Kg3 125. Kxe3 1/2-1/2


[Site "https://www.chess.com"]

[Event "Titled Tuesday Blitz March 07 Late 2023"]
[White "TimGrutter03"]
[Black "Barp, Alberto"]
[BlackFideId "872555"]
[WhiteElo "2481"]
[BlackElo "2313"]
[Result "0-1"]
[Round "05"]
[TimeControl "180+2"]
[Date "2023.03.07"]
[WhiteClock "0:00:06"]
[BlackClock "0:00:08"]

1. e4 e6 2. d4 d5 3. Nc3 Nf6 4. exd5 exd5 5. Bg5 c6 6. Nf3 Be7 7. Bd3 O-O 8. O-O Bg4 9. h3 Bh5 10. Be2 Nbd7 11. Ne5 Bxe2 12. Qxe2 Re8 13. Qf3 Nxe5 14. dxe5 Nd7 15. Bf4 Bg5 16. Rfe1 Bxf4 17. Qxf4 Qc7 18. Re2 Rxe5 19. Rae1 Rae8 20. Qd4 Rxe2 21. Rxe2 Rxe2 22. Nxe2 Qe5 23. Kf1 Qxd4 24. Nxd4 g6 25. b4 Kf8 26. a4 Ke7 27. Ke2 Kd6 28. a5 a6 29. Nb3 c5 30. c3 cxb4 31. cxb4 Ne5 32. Kd2 Kc6 33. Nd4+ Kd6 34. Nb3 Nd7 35. Kc3 Ke5 36. f3 h5 37. Kd3 h4 38. Ke3 g5 39. Kd3 Kf4 40. Kd4 Kg3 41. Kxd5 Kxg2 42. Kd6 Nf6 43. Kc7 Nd5+ 44. Kxb7 Nxb4 45. Nc5 Kxh3 46. Nxa6 Nd3 47. Kb6 g4 48. Nc5 Nxc5 49. Kxc5 g3 50. a6 g2 0-1


[Site "https://www.chess.com"]

[Event "Titled Tuesday Blitz March 07 Late 2023"]
[White "Goltseva, Ekaterina"]
[Black "Boyer, Mahel"]
[WhiteFideId "24173770"]
[BlackFideId "45102422"]
[WhiteElo "2200"]
[BlackElo "2439"]
[Result "1/2-1/2"]
[Round "05"]
[TimeControl "180+2"]
[Date "2023.03.07"]
[WhiteClock "0:00:06"]
[BlackClock "0:00:12"]

1. c4 e6 2. Nc3 d5 3. d4 h6 4. Nf3 Nf6 5. g3 Bd6 6. Bg2 O-O 7. O-O Nc6 8. b3 dxc4 9. bxc4 e5 10. c5 Be7 11. dxe5 Ng4 12. Ba3 Ngxe5 13. Nxe5 Nxe5 14. Nd5 c6 15. Nxe7+ Qxe7 16. Qc2 h5 17. h4 Bg4 18. Bb2 Rad8 19. Rfe1 Rfe8 20. Qc3 f6 21. a4 Rd7 22. a5 a6 23. Qb3+ Be6 24. Qc2 Bd5 25. Bxe5 Qxe5 26. Rad1 Red8 27. Bh3 Be6 28. Rxd7 Rxd7 29. Bxe6+ Qxe6 30. Rd1 Rd5 31. Rxd5 Qxd5 32. e3 Kf7 33. Qc3 Ke6 34. Qb4 Kf5 35. Qf4+ Ke6 36. Qb4 Kf5 37. Qf4+ Kg6 38. Qb4 Qd7 39. Qe4+ Kf7 40. Qc4+ Qe6 41. Qb4 Qe7 42. Qc4+ Kg6 43. Qb4 Kf5 44. Qf4+ Kg6 45. Qb4 Kh7 46. Qb6 Qd7 47. Qb4 Qc7 48. Qb1+ Kg8 49. Qb4 Qf7 50. Qb6 Kh7 51. Qb4 g5 52. Qd4 Kg6 53. hxg5 fxg5 54. Qe4+ Qf5 55. Qe8+ Qf7 56. Qe4+ Kh6 57. Qe5 Qf8 58. Qe6+ Kg7 59. Qd7+ Qf7 60. Qd4+ Qf6 61. Qd7+ Qf7 62. Qd4+ Kg6 63. Qe4+ 1/2-1/2


[Site "https://www.chess.com"]

[Event "Titled Tuesday Blitz March 07 Late 2023"]
[White "Bilych, Olexiy"]
[Black "Golubev, Mikhail"]
[WhiteFideId "14156504"]
[BlackFideId "14100983"]
[WhiteElo "2320"]
[BlackElo "2374"]
[Result "1-0"]
[Round "05"]
[TimeControl "180+2"]
[Date "2023.03.07"]
[WhiteClock "0:00:49"]
[BlackClock "0:00:06"]

1. d4 Nf6 2. c4 g6 3. Nc3 Bg7 4. e4 d6 5. Nge2 Nbd7 6. Ng3 e5 7. d5 h5 8. h4 a5 9. Be2 Nc5 10. Bg5 Bh6 11. Bxh6 Rxh6 12. Qd2 Rh8 13. b3 Kf8 14. Rb1 Kg7 15. Bd1 Bd7 16. a3 Qb8 17. Bc2 c6 18. b4 axb4 19. axb4 Na6 20. dxc6 bxc6 21. b5 cxb5 22. cxb5 Nc5 23. O-O Rc8 24. Rfd1 Qb6 25. Nge2 Ne8 26. Nd5 Qb8 27. b6 Be6 28. Nec3 Qb7 29. Rb2 Rab8 30. Rdb1 Rd8 31. Bd3 Bxd5 32. Nxd5 Nf6 33. Nxf6 Kxf6 34. Rb4 Kg7 35. Qe3 Nxd3 36. Qxd3 d5 37. exd5 Qxd5 38. Qe3 Rb7 39. Rb5 Qd6 40. Rxe5 Rdb8 41. Reb5 Kg8 42. g3 Kg7 43. Kg2 Qf6 44. Qf3 Qxf3+ 45. Kxf3 Kf6 46. Kf4 Rd8 47. R1b4 Rd6 48. f3 Re6 49. g4 Kg7 50. gxh5 gxh5 51. Kg3 Rg6+ 52. Rg5 Rxg5+ 53. hxg5 Kg6 54. Kh4 f6 55. gxf6 Kf5 56. f7 1-0


[Site "https://www.chess.com"]

[Event "Titled Tuesday Blitz March 07 Late 2023"]
[White "Vovk, Orest"]
[Black "Bitoon, Richard"]
[WhiteFideId "14113490"]
[BlackFideId "5201110"]
[WhiteElo "2215"]
[BlackElo "2374"]
[Result "0-1"]
[Round "05"]
[TimeControl "180+2"]
[Date "2023.03.07"]
[WhiteClock "0:00:02"]
[BlackClock "0:00:13"]

1. h4 e5 2. h5 Nc6 3. Nf3 e4 4. Nh4 d5 5. g3 Nf6 6. d3 Bg4 7. h6 gxh6 8. Nc3 Qe7 9. dxe4 dxe4 10. Nd5 Nxd5 11. Qxd5 Rd8 12. Qb5 Qb4+ 13. Qxb4 Nxb4 14. f3 Bc5 15. e3 exf3 16. Kf2 Nxc2 17. Rb1 Rd6 18. Nxf3 O-O 19. Be2 Bf5 20. b4 Nxb4 21. Rb3 Nxa2 22. Ba3 Bxa3 23. Rxa3 Nb4 24. Rxa7 Rb6 25. Rh4 Nc6 0-1


[Site "https://www.chess.com"]

[Event "Titled Tuesday Blitz March 07 Late 2023"]
[White "Mirzoev, Azer"]
[Black "ArchibaldCerveza29"]
[WhiteFideId "13400304"]
[WhiteElo "2525"]
[BlackElo "2469"]
[Result "1/2-1/2"]
[Round "05"]
[TimeControl "180+2"]
[Date "2023.03.07"]
[WhiteClock "0:00:04"]
[BlackClock "0:00:07"]

1. c4 e6 2. Nc3 d5 3. e3 Nf6 4. Nf3 Be7 5. d4 O-O 6. b3 b6 7. Bb2 Bb7 8. Bd3 c5 9. cxd5 Nxd5 10. dxc5 Nb4 11. Be2 Bxc5 12. O-O Nd7 13. a3 Nd5 14. Nxd5 Bxd5 15. b4 Be7 16. Nd4 Rc8 17. Ba6 Rb8 18. Rc1 Bf6 19. Qe2 Ne5 20. Rfd1 Qe7 21. f4 Ng6 22. Nc6 Bxc6 23. Bxf6 Qe8 24. Ba1 Ba4 25. Re1 b5 26. Qf3 Qd7 27. Bd4 Rfd8 28. Qc6 h5 29. Qxd7 Rxd7 30. g3 f6 31. Bc8 Re7 32. Rc6 Kf7 33. Rec1 Bb3 34. Rc7 e5 35. Bxa7 Ra8 36. Bb6 exf4 37. gxf4 Rxa3 38. Bf5 Nf8 39. Rxe7+ Kxe7 40. Rc7+ Ke8 41. Rxg7 Bf7 42. Bc5 Ra1+ 43. Kf2 Rc1 44. Ke2 Rh1 45. h3 Rh2+ 46. Kd3 h4 47. Kd4 Rd2+ 48. Kc3 Re2 49. e4 Rh2 50. Bg4 Ra2 51. f5 Ra3+ 52. Kd4 Rg3 53. Bxf8 Kxf8 54. Rh7 Kg8 55. Rxh4 Rg1 56. Bh5 Rb1 57. Bxf7+ Kxf7 58. Kc5 Rb3 59. Kxb5 Ke7 60. Kc5 Rc3+ 61. Kb6 Kd6 62. b5 Rb3 63. Rh6 Ke5 64. Rh4 Rb4 65. Kc6 Rc4+ 66. Kb7 Rb4 67. b6 Rb1 68. Rg4 Rb3 69. h4 Rd3 70. Ka7 Ra3+ 71. Kb8 Rb3 72. b7 Rb1 73. h5 Kd4 74. h6 Kd3 75. Rg6 Kc2 76. Rxf6 Kb2 77. h7 Ka1 78. h8=Q Rb3 79. Rf8+ Ka2 80. Qd4 Ka3 81. Qd5 Ka2 82. Qxb3+ Ka1 83. f6 1/2-1/2


[Site "https://www.chess.com"]

[Event "Titled Tuesday Blitz March 07 Late 2023"]
[White "Korchmar, Vasiliy"]
[Black "Hernandez Sanchez, Elvis De La Caridad"]
[WhiteFideId "24131750"]
[BlackFideId "6400353"]
[WhiteElo "2370"]
[BlackElo "2469"]
[Result "1-0"]
[Round "05"]
[TimeControl "180+2"]
[Date "2023.03.07"]
[WhiteClock "0:00:42"]
[BlackClock "0:00:40"]

1. e4 c5 2. Nf3 d6 3. d4 cxd4 4. Nxd4 Nf6 5. Nc3 g6 6. Be3 Bg7 7. f3 O-O 8. Qd2 Nc6 9. O-O-O d5 10. exd5 Nxd5 11. Nxc6 bxc6 12. Bd4 Nxc3 13. Qxc3 Bh6+ 14. Be3 Bxe3+ 15. Qxe3 Qb6 16. Qc3 Be6 17. h4 Rfd8 18. Bd3 Qd4 19. Qxd4 Rxd4 20. Be4 Rc4 21. b3 Rc5 22. Rd4 a5 23. Kb2 a4 24. Rxa4 Rxa4 25. bxa4 Rc4 26. a3 f5 27. Bd3 Rxa4 28. h5 Kg7 29. Re1 Kf6 30. hxg6 hxg6 31. Re3 Bd5 32. c3 e5 33. Re1 Ra8 34. c4 Be6 35. Ra1 c5 36. a4 Ra5 37. Kb3 Bd7 38. Bc2 g5 39. Kc3 g4 40. fxg4 fxg4 41. Rd1 Bc6 42. Rd6+ Kg5 43. Rxc6 Kf4 44. Kb3 Kg3 45. Be4 Kf4 46. Bd5 e4 47. Re6 e3 48. Re4+ Kg3 49. Rxe3+ Kf2 50. Re7 g3 51. Rb7 Kg1 52. Rb5 Ra6 53. Rxc5 1-0


[Site "https://www.chess.com"]

[Event "Titled Tuesday Blitz March 07 Late 2023"]
[White "Ansh M Shah"]
[Black "Wieczorek, Oskar"]
[WhiteFideId "25033379"]
[BlackFideId "1133950"]
[WhiteElo "2084"]
[BlackElo "2418"]
[Result "0-1"]
[Round "05"]
[TimeControl "180+2"]
[Date "2023.03.07"]
[WhiteClock "0:00:02"]
[BlackClock "0:00:35"]

1. d4 Nf6 2. c4 c5 3. d5 g6 4. Nc3 Bg7 5. e4 d6 6. h4 O-O 7. Be2 h5 8. Nf3 e6 9. O-O exd5 10. exd5 Bg4 11. Bf4 Re8 12. Re1 a6 13. a4 Ne4 14. Nxe4 Rxe4 15. Bg5 Bf6 16. Bd3 Rxe1+ 17. Qxe1 Nd7 18. Bxf6 Qxf6 19. Ng5 Ne5 20. Bf1 Re8 21. Qc3 Nd7 22. Qxf6 Nxf6 23. f3 Bf5 24. Kf2 Nd7 25. a5 Ne5 26. Re1 f6 27. Ne4 Bxe4 28. Rxe4 f5 29. Re1 Kf7 30. Rb1 b6 31. b4 cxb4 32. axb6 a5 33. Ra1 Rb8 34. Rxa5 Rxb6 35. f4 Nd7 36. Ra7 Ke8 37. Bd3 b3 38. Bb1 b2 39. Ke3 Rb3+ 40. Kd2 Rg3 41. Kc2 Rxg2+ 42. Kb3 Nc5+ 43. Kc3 Kf8 44. Bc2 Rg4 45. Kxb2 Rxf4 46. Ra8+ Ke7 47. Ra7+ Kf6 48. Kc3 Rxh4 0-1


[Site "https://www.chess.com"]

[Event "Titled Tuesday Blitz March 07 Late 2023"]
[White "Papasimakopoulos, Alexandros"]
[Black "Mazurkiewicz, Michal"]
[WhiteFideId "4244125"]
[BlackFideId "1124943"]
[WhiteElo "2359"]
[BlackElo "2054"]
[Result "1-0"]
[Round "05"]
[TimeControl "180+2"]
[Date "2023.03.07"]
[WhiteClock "0:00:07"]
[BlackClock "0:00:04"]

1. d4 Nf6 2. c4 e5 3. dxe5 Ng4 4. e3 Nxe5 5. Nh3 d5 6. Qxd5 Qe7 7. Nf4 g5 8. Nh5 Nbc6 9. Be2 Bd7 10. Nc3 O-O-O 11. Qd1 Be6 12. Nd5 Qc5 13. O-O Bxd5 14. cxd5 Qxd5 15. Qxd5 Rxd5 16. b3 Be7 17. f4 Nd3 18. Rd1 Rhd8 19. Bf3 Nxc1 20. Rxd5 Ne2+ 21. Kf2 Nc3 22. Rxd8+ Nxd8 23. Ng3 gxf4 24. exf4 Bc5+ 25. Kf1 Ne6 26. Bg4 Kd8 27. Bxe6 fxe6 28. a4 Ke7 29. Rc1 Bb4 30. Ne2 Nd5 31. Kf2 c6 32. Kf3 Bd6 33. g3 b5 34. Rxc6 Nb4 35. axb5 Nxc6 36. bxc6 Bc5 37. Ke4 Kd6 38. Nd4 Bxd4 39. Kxd4 Kxc6 40. Ke5 Kd7 41. Kf6 Kd6 42. g4 Kd5 43. g5 a5 44. h4 Kd6 45. h5 a4 46. bxa4 1-0


[Site "https://www.chess.com"]

[Event "Titled Tuesday Blitz March 07 Late 2023"]
[White "Rastbod, Ali"]
[Black "Slade, Theodore"]
[WhiteFideId "12567477"]
[BlackFideId "426547"]
[WhiteElo "2211"]
[BlackElo "1964"]
[Result "0-1"]
[Round "05"]
[TimeControl "180+2"]
[Date "2023.03.07"]
[WhiteClock "0:00:03"]
[BlackClock "0:00:17"]

1. e4 e5 2. Nc3 Nf6 3. g3 d5 4. exd5 Nxd5 5. Bg2 Nxc3 6. bxc3 Nc6 7. Nf3 Bc5 8. O-O O-O 9. Qe1 Re8 10. Qe4 Bb6 11. d3 f6 12. a4 Be6 13. Nd2 Qd7 14. Nc4 f5 15. Qh4 e4 16. Nxb6 axb6 17. dxe4 fxe4 18. Bxe4 Bf5 19. Bg2 Bxc2 20. Be3 Qe7 21. Qc4+ Kh8 22. Rfc1 Be4 23. Qb5 Bxg2 24. Kxg2 Qe4+ 25. Kg1 Ne5 26. Qb4 Nf3+ 27. Kh1 Qc6 28. Qb5 Qe4 29. Qb4 Nd4+ 30. Kg1 Ne2+ 31. Kf1 Nxc1 32. Rxc1 Qh1+ 33. Ke2 Qxh2 34. Qb5 c6 35. Qxb6 Qh5+ 36. Kf1 Rxa4 37. Kg2 Qd5+ 38. Kh2 Ra2 39. c4 Qf7 40. Kg1 h6 41. Rb1 Qxc4 42. Qxb7 Qe4 43. Qb6 Ra3 44. Re1 Qe5 45. Bd2 Ra1 46. Rxa1 Qxa1+ 47. Kg2 Qf6 48. Be3 Qe6 49. Bd4 Qd5+ 50. Kh2 Rd8 51. Be3 Rf8 52. Qb2 Kh7 53. Kg1 c5 54. Qc2+ Qf5 55. Qxc5 Qxc5 56. Bxc5 Rf3 57. Be3 Kg6 58. Kg2 Rf7 59. f4 h5 60. Kf3 Kf5 61. Bd4 Rb7 62. Be5 Rb3+ 63. Kg2 g6 64. Bd6 Kg4 65. f5 gxf5 66. Be5 Rd3 67. Bc7 Rd2+ 68. Kg1 Kf3 69. Kh1 Rg2 70. Bf4 Rxg3 71. Bc7 Rg4 72. Kh2 f4 73. Bb6 Ke2 74. Kh3 f3 0-1


[Site "https://www.chess.com"]

[Event "Titled Tuesday Blitz March 07 Late 2023"]
[White "Huber, Benedikt"]
[Black "Rytenko, Vsevolod"]
[WhiteFideId "12923583"]
[BlackFideId "14133040"]
[WhiteElo "2199"]
[BlackElo "2262"]
[Result "0-1"]
[Round "05"]
[TimeControl "180+2"]
[Date "2023.03.07"]
[WhiteClock "0:01:42"]
[BlackClock "0:02:32"]

1. d4 d5 2. Nf3 c6 3. e3 Nf6 4. Bd3 Bg4 5. h3 Bh5 6. O-O Nbd7 7. b3 e5 8. dxe5 Nxe5 9. Be2 Bxf3 10. Bxf3 Bd6 11. Bb2 Qe7 12. Nd2 h5 13. e4 g5 14. g3 g4 15. Bh1 h4 16. exd5 hxg3 17. fxg3 Bc5+ 18. Kg2 gxh3+ 19. Kh2 Nfg4+ 0-1


[Site "https://www.chess.com"]